 Dungeon Crawl Stone Soup version bcrawl-1.19.2-6-g6a88ae04c9 (webtiles) character file.

Game seed: 16613275105593817802

3735 Mrkan the Basher (level 10, -4/106 HPs)
             Began as an Ogre Fighter on Jan 6, 2020.
             Was an Elder of Lugonu.
             Slain by a troll (13 damage)
             ... on level 7 of the Dungeon.
             The game lasted 00:11:40 (8805 turns).

Mrkan the Basher (Ogre Fighter)                     Turns: 8805, Time: 00:11:41

Health: -4/106     AC:  6    Str: 22    XL:     10   Next: 15%
Magic:  14/14      EV:  5    Int: 16    God:    Lugonu [****..]
Gold:   486        SH:  0    Dex: 13    Spells: 9/9 levels left

rFire    + . .     SeeInvis .   B - +0 giant spiked club
rCold    + . .     Gourm    .   (shield currently unavailable)
rNeg     + . .     Faith    .   D - +0 gold dragon scales of Eduy {*Corrode rPois rF+ rC+ rN+ Int+4}
rPois    +         Spirit   .   (helmet restricted)
rElec    .         Reflect  .   y - +0 cloak {MR+}
rCorr    .         Harm     .   (gloves unavailable)
MR       ++...                  (boots unavailable)
Stlth    ..........             (no amulet)
HPRegen  0.27/turn              A - +3 ring of intelligence
MPRegen  0.14/turn              (no ring)

@: corroded
A: large, unfitting armour, horns 1, repulsion field 1, thin skeletal structure
1, tough skin 1
a: Depart the Abyss, Bend Space, Banish, Corrupt, Renounce Religion


You were on level 7 of the Dungeon.
You worshipped Lugonu.
Lugonu was greatly pleased with you.
You were hungry.

You visited 1 branch of the dungeon, and saw 7 of its levels.
You also visited: Ossuary.

You collected 486 gold pieces.

Inventory:

Hand Weapons
 B - a +0 giant spiked club (weapon)
Armour
 b - a +0 robe
 y - a +0 cloak of magic resistance (worn)
 D - the +0 gold dragon scales of Eduy (worn) {*Corrode rPois rF+ rC+ rN+ Int+4}
   (Lugonu gifted it to you in an ossuary)

   It affects your intelligence (+4).
   It protects you from fire.
   It protects you from cold.
   It protects you from poison.
   It protects you from negative energy.
   It may corrode you when you take damage.
Jewellery
 A - a +3 ring of intelligence (left hand)
Wands
 j - a wand of paralysis (5)
 o - a wand of flame (20)
 u - a wand of polymorph (16)
Scrolls
 c - 3 scrolls of remove curse {unknown}
 e - 9 scrolls of identify {unknown}
 g - 2 scrolls of fog {unknown}
 m - a scroll of noise {unknown}
 n - a scroll of enchant armour {unknown}
 r - 3 scrolls of enchant weapon {unknown}
 s - a scroll of magic mapping {unknown}
 t - 4 scrolls of teleportation {unknown}
 v - a scroll of amnesia {unknown}
 x - a scroll of blinking {unknown}
Potions
 a - a potion of haste {unknown}
 d - 2 potions of might
 h - 3 potions of lignification {unknown}
 i - 2 potions of flight
 k - 4 potions of curing {unknown}
 l - 2 potions of magic {unknown}
 p - a potion of invisibility
 q - 2 potions of heal wounds
 w - 3 potions of degeneration {unknown}
 z - a potion of berserk rage {unknown}
 C - 2 potions of ambrosia {unknown}
 E - 2 potions of brilliance {unknown}
Comestibles
 f - 15 rations {!d}


   Skills:
 + Level 8.7 Fighting
 * Level 10.2 Maces & Flails
 + Level 0.0 Armour
 * Level 8.1 Dodging
   Level 2.6 Shields
 + Level 5.9 Invocations


You had 9 spell levels left.
You didn't know any spells.
Your spell library contained the following spells:

 Spells                   Type           Power        Failure   Level  Hunger
 Summon Small Mammal      Summ           #...         100%        1    ##.....
 Call Imp                 Summ           #.....       100%        2    ###....
 Call Canine Familiar     Summ           #.......     100%        3    ####...
 Summon Ice Beast         Ice/Summ       #.......     100%        4    #####..
 Summon Lightning Spire   Summ/Air       #.......     100%        5    ######.


Dungeon Overview and Level Annotations

Branches:
Dungeon (7/12)             Temple (0/1) D:5
   Lair: D:7-9

Altars:
Gozag
Hepliaklqana
Kikubaaqudgha
Lugonu
Nemelex Xobeh
Qazlal
Uskayaw
Vehumet
Xom


Innate Abilities, Weirdness & Mutations

You are too large for most types of armour.
You have tough skin. (AC +1)
You have a pair of small horns on your head.
You are surrounded by a mild repulsion field. (EV +2)
You have a somewhat thin skeletal structure. (Dex +2, Stealth)


Message History

You closely miss the troll.
The troll is moderately wounded.
You closely miss the phantom. You closely miss the orc. The troll bites you.
Your corrosive artefact corrodes you!
The troll claws you! The troll claws you.
* * * LOW HITPOINT WARNING * * *
The orc hits you but does no damage.
The phantom hits you but does no damage.
The troll bites you!
* * * LOW HITPOINT WARNING * * *
The troll barely misses you. The troll claws you!
* * * LOW HITPOINT WARNING * * *
You feel much better. The orc hits you.
* * * LOW HITPOINT WARNING * * *
The phantom blinks!
The troll barely misses you. x2
The troll claws you but does no damage. The phantom completely misses you.
The orc priest invokes the aid of Beogh against you.
Beogh smites you!
* * * LOW HITPOINT WARNING * * *
The troll bites you!
You die...

#..# #.## ###.#
#...#
######.###
#..8...#
..###.....W####
#....8...8....#
#####....T@...#
#..8Wo##..#
#.$...o## ..#
#!####o# ..#
..# ... .# ###
.... .###.# #.
.# #


You could see a troll, 2 phantoms, an orc priest and 2 orcs.

Vanquished Creatures
  A two-headed ogre (D:6)
  Pikel (D:6)
  A troll (D:7)
  Eustachio (D:6)
  Menkaure (D:6)
  2 slaves (D:6)
  A black bear (D:4)
  A necrophage (D:6)
  2 sky beasts (D:5)
  An ice beast (D:5)
  An ogre (D:4)
  A centaur (D:6)
  2 bullfrogs
  A big kobold (D:6)
  2 elf zombies (Ossuary)
  3 scorpions
  3 howler monkeys
  4 crimson imps
  A quasit (D:6)
  A jelly (D:5)
  A gnoll shaman (D:6)
  2 hounds
  Crazy Yiuf (D:5)
  Jessica (D:2)
  Ijyb (D:5)
  2 iguanas
  An orc wizard (D:4)
  6 worker ants
  3 hound zombies (Ossuary)
  A hound skeleton (D:3)
  4 mummies (Ossuary)
  2 worker ant zombies (D:3)
  3 gnolls (D:6)
  8 adders
  An ooze (D:1)
  3 adder zombies
  An adder skeleton (D:5)
  2 dart slugs
  3 worms
  6 leopard geckos
  16 orcs
  4 bats
  8 giant cockroaches
  12 goblins
  14 hobgoblins
  3 jackals (D:1)
  6 quokkas
  7 frilled lizards
  A hobgoblin zombie (Ossuary)
  2 jackal zombies (Ossuary)
  14 kobolds
  An orc zombie (Ossuary)
  2 quokka skeletons (D:3)
  10 rats
  A rat zombie (Ossuary)
  4 fungi (D:5)
188 creatures vanquished.

Vanquished Creatures (others)
  A bullfrog (D:6)
1 creature vanquished.

Grand Total: 189 creatures vanquished

Notes
Turn   | Place    | Note
-------+----------+-------------------------------------------
     0 | D:1      | Mrkan the Ogre Fighter began the quest for the Orb.
     0 | D:1      | Reached XP level 1. HP: 24/24 MP: 1/1
   345 | D:1      | Reached XP level 2. HP: 25/32 MP: 2/2
   474 | D:1      | Reached skill level 3 in Maces & Flails
   741 | D:1      | Found a shimmering altar of Xom.
   743 | D:1      | Found a radiant altar of Vehumet.
   743 | D:1      | Found a sacrificial altar of Ru.
   745 | D:1      | Found a hazy altar of Hepliaklqana.
   745 | D:1      | Found an opulent altar of Gozag.
   745 | D:1      | Found a hazy altar of Hepliaklqana.
   763 | D:1      | Reached XP level 3. HP: 39/40 MP: 3/3
  1659 | D:2      | Reached XP level 4. HP: 29/49 MP: 4/4
  1924 | D:2      | Found an opulent altar of Gozag.
  1933 | D:2      | Found a corrupted altar of Lugonu.
  1938 | D:2      | Found a radiant altar of Vehumet.
  1945 | D:2      | Became a worshipper of Lugonu the Unformed
  2068 | D:2      | Noticed Jessica
  2077 | D:2      | Killed Jessica
  2166 | D:2      | Reached skill level 4 in Maces & Flails
  2384 | D:2      | Found a sparkling altar of Nemelex Xobeh.
  2879 | D:3      | Reached XP level 5. HP: 46/55 MP: 5/5
  3000 | D:3      | Gained mutation: You do not regenerate when monsters are
                  | visible. [potion of mutation]
  3000 | D:3      | Gained mutation: You have a somewhat thin skeletal
                  | structure. (Dex +2, Stealth) [potion of mutation]
  3001 | D:3      | Lost mutation: You do not regenerate when monsters are
                  | visible. [potion of mutation]
  3001 | D:3      | Gained mutation: You have a pair of small horns on your
                  | head. [potion of mutation]
  3001 | D:3      | Gained mutation: You are surrounded by a mild repulsion
                  | field. (EV +2) [potion of mutation]
  3001 | D:3      | Gained mutation: You tend to lose your temper in combat.
                  | [potion of mutation]
  3001 | D:3      | Lost mutation: You tend to lose your temper in combat.
                  | [potion of mutation]
  3026 | D:2      | HP: 2/55 [hobgoblin (5)]
  3376 | D:2      | Reached ** piety under Lugonu
  3545 | D:3      | Reached skill level 1 in Invocations
  3556 | D:3      | Reached skill level 5 in Fighting
  4225 | D:3      | Reached XP level 6. HP: 20/66 MP: 7/7
  4226 | D:3      | Reached skill level 5 in Maces & Flails
  5019 | D:4      | Reached XP level 7. HP: 49/74 MP: 8/8
  5254 | D:4      | Found a stormy altar of Qazlal.
  5291 | D:5      | Entered Level 5 of the Dungeon
  5292 | D:5      | Noticed Ijyb
  5299 | D:5      | Killed Ijyb
  5306 | D:5      | Reached skill level 5 in Dodging
  5309 | D:5      | Reached skill level 6 in Maces & Flails
  5679 | D:5      | Reached XP level 8. HP: 79/83 MP: 10/10
  5738 | D:5      | Reached *** piety under Lugonu
  5854 | D:5      | Reached skill level 7 in Maces & Flails
  5887 | D:5      | Found an ancient bone altar of Kikubaaqudgha.
  5941 | D:5      | Found a hazy altar of Hepliaklqana.
  6313 | D:5      | Found a staircase to the Ecumenical Temple.
  6526 | D:5      | Found a runed door.
  6530 | D:5      | Noticed Crazy Yiuf
  6532 | D:5      | Killed Crazy Yiuf
  6856 | D:6      | Noticed a two-headed ogre
  6861 | D:6      | Reached skill level 8 in Maces & Flails
  6865 | D:6      | Killed a two-headed ogre
  6865 | D:6      | Reached XP level 9. HP: 15/94 MP: 12/12
  6866 | D:6      | HP: 2/94 [gnoll/+0 halberd (14)]
  7266 | D:6      | Found a hide-covered altar of Uskayaw.
  7315 | D:6      | Noticed Menkaure
  7320 | D:6      | Killed Menkaure
  7320 | D:6      | Reached skill level 9 in Maces & Flails
  7320 | D:6      | Reached skill level 5 in Invocations
  7480 | D:6      | Noticed Pikel
  7490 | D:6      | Killed Pikel
  7754 | D:6      | Noticed Eustachio
  8097 | D:6      | Killed Eustachio
  8402 | D:7      | Reached XP level 10. HP: 106/106 MP: 14/14
  8423 | D:7      | Reached skill level 10 in Maces & Flails
  8500 | D:7      | Found a sand-covered staircase.
  8508 | Ossuary  | Entered an ossuary
  8517 | Ossuary  | Reached **** piety under Lugonu
  8526 | Ossuary  | Received a gift from Lugonu
  8527 | Ossuary  | Got distressingly furry gold dragon scales {god gift}
  8545 | Ossuary  | Identified the +0 gold dragon scales of Eduy {*Corrode
                  | rPois rF+ rC+ rN+ Int+4} (Lugonu gifted it to you in an
                  | ossuary)
  8803 | D:7      | HP: 5/106 [troll (12)]
  8805 | D:7      | Slain by a troll

Skill      XL: |  1  2  3  4  5  6  7  8  9 10 |
---------------+-------------------------------+-----
Dodging        | 3 4 5 7 8 |  8.1
Maces & Flails | 3 4 5 6 8 9 10 | 10.2
Invocations    | 1 2 3 4 5 |  5.9
Fighting       | 5 6 7 8 |  8.7
Shields        | |  2.6

Action                   |  1- 3 |  4- 6 |  7- 9 | 10-12 || total
-------------------------+-------+-------+-------+-------++-------
Melee: Flail             |   123 |   243 |       |       ||   366
       Headbutt          |       |    23 |    20 |     7 ||    50
       Giant club        |       |       |    93 |       ||    93
       Unarmed           |       |       |    22 |       ||    22
       Giant spiked club |       |       |    36 |    27 ||    63
  Use: Potion            |       |     4 |     1 |     1 ||     6
 Stab: Sleeping          |     1 |       |     2 |     1 ||     4
       Distracted        |       |     1 |       |       ||     1
       Confused          |       |       |     1 |       ||     1
  Eat: Chunk             |     2 |    10 |    12 |     1 ||    25
Armor: Robe              |    43 |    58 |    34 |     3 ||   138
       Skin              |       |       |     2 |       ||     2
       Gold dragon scale |       |       |       |    14 ||    14
Dodge: Dodged            |    97 |   246 |   147 |    38 ||   528
